 Dungeon Sprint DCSS version 0.29.0 (webtiles) character file.

Game seed: 7796293969994574679

3486 enile the Fighter (level 9, -11/87 HPs)
             Began as a Demonspawn Wanderer on Aug 25, 2022.
             Was a Priest of Nemelex Xobeh.
             Killed from afar by an ironbound thunderhulk (18 damage)
             ... with a bolt of lightning
             ... in the Dungeon (Sprint V: "Ziggurat Sprint").
             The game lasted 00:05:44 (776 turns).

enile the Fighter (Demonspawn Wanderer)              Turns: 776, Time: 00:05:45

Health: -11/87     AC: 24    Str: 24    XL:     9   Next: 79%
Magic:  14/14      EV:  3    Int: 17    God:    Nemelex Xobeh [***...]
Gold:   0          SH: 20    Dex: 14    Spells: 11/12 levels left

rFire   + . .      SeeInvis .   I - +9 sword of Zonguldrok {reap}
rCold   + . .      Faith    .   O - +3 tower shield
rNeg    . . .      Spirit   .   N - +5 gold dragon scales
rPois   +          Reflect  .   A - +1 hat {Will+}
rElec   .          Harm     .   (no cloak)
rCorr   .          Rampage  .   (no gloves)
Will    +....      NoTele   +   b - +0 pair of boots
Stlth   ..........              (no amulet)
HPRegen 0.24/turn               x - +6 ring of strength
MPRegen 0.14/turn               y - +6 ring of strength

@: no status effects
A: spiny 1, condensation shield, weakness stinger 2
a: Renounce Religion, Draw Escape, Draw Destruction, Draw Summoning, Triple Draw


You were in the Dungeon.
You worshipped Nemelex Xobeh.
Nemelex Xobeh was most pleased with you.
You visited 1 branch

Inventory:

Hand Weapons
 E - the +8 lance "Wyrmbane" {slay drac, rPois rF+ rC+ AC+3}
   (You found it in the Dungeon)

   It inflicts extra damage against dragons and draconians.
   AC:        It affects your AC (+3).
   rF:        It protects you from fire.
   rC:        It protects you from cold.
   rPois:     It protects you from poison.
 F - the +13 scythe of Curses {drain, Drain}
   (You found it in the Dungeon)

   A truly terrible weapon, it drains the life of any living foe it strikes.
   It inflicts powerful necromantic curses on any living foe it strikes.
   Drain:     It drains your maximum health when unequipped.
 G - the +8 storm bow {elec, penet}
   (You found it in the Dungeon)

   Any ammunition fired from it occasionally discharges a powerful burst of
   electricity upon striking a foe.
   Any ammunition fired by it passes through the targets it hits, potentially
   hitting all targets in its path until it reaches maximum range.
 H - the +5 sword of Power {vorpal}
   (You found it in the Dungeon)

   It inflicts extra damage upon your enemies.
   It occasionally discharges a powerful but inaccurate bolt of energy upon
   striking a foe, with increased chance the greater the wielder's current
   health.
 I - the +9 sword of Zonguldrok (weapon) {reap}
   (You found it in the Dungeon)

   Any living foe damaged by it may be reanimated upon death as a zombie
   friendly to the wielder, with an increasing chance as more damage is dealt.
 J - the +7 Singing Sword {vorpal, sonic wave}
   (You found it in the Dungeon)

   It inflicts extra damage upon your enemies.
   It radiates damaging sonic waves as it strikes, especially in combat
   involving dangerous or numerous foes.
Armour
 b - a +0 pair of boots (worn)
 d - a +0 robe
 A - a +1 hat of willpower (worn)
 L - the +15 Maxwell's patent armour {-Cast -Tele rElec Will+ rCorr}
   (You found it in the Dungeon)

   rElec:     It insulates you from electricity.
   -Cast:     It prevents spellcasting.
   -Tele:     It prevents most forms of teleportation.
   rCorr:     It protects you from acid and corrosion.
   Will:      It increases your willpower.
 M - the +18 shield of the Gong {rElec rN+ Will+ EV-5}
   (You found it in the Dungeon)

   It is deafeningly noisy when blocking attacks.
   EV:        It affects your evasion (-5).
   rElec:     It insulates you from electricity.
   rN:        It protects you from negative energy.
   Will:      It increases your willpower.
 N - +5 gold dragon scales (worn)
 O - a +3 tower shield (worn)
 P - a +3 kite shield
 T - the +2 robe "Pouluu" {rC+ Str+8}
   (You found it in the Dungeon)

   Str:       It affects your strength (+8).
   rC:        It protects you from cold.
 V - a +2 robe of willpower
 X - the +2 ring mail of the Mind {Str+7}
   (You found it in the Dungeon)

   Str:       It affects your strength (+7).
 Y - the +8 plate armour of Darkness {Harm rF+++ Int-3 SInv}
   (You found it in the Dungeon)

   Int:       It affects your intelligence (-3).
   rF:        It renders you almost immune to fire.
   SInv:      It lets you see invisible.
   Harm:      It increases damage dealt and taken.
Magical Staves
 Q - a staff of conjuration
Jewellery
 a - a ring of wizardry
 s - a ring of flight
 t - a +6 ring of dexterity
 u - a +6 ring of dexterity
 v - a +6 ring of intelligence
 w - a +6 ring of intelligence
 x - a +6 ring of strength (left hand)
 y - a +6 ring of strength (right hand)
 S - an amulet of the acrobat
 U - the amulet "Amoukku" {RegenMP Rampage Str-4 Int+5}
   (You found it in the Dungeon)

   [amulet of magic regeneration]

   It increases your rate of magic regeneration.
   Str:       It affects your strength (-4).
   Int:       It affects your intelligence (+5).
   Rampage:   It bestows one free step when moving towards enemies.
 Z - a +4 ring of protection
Wands
 z - a wand of mindburst (7)
 B - a wand of quicksilver (7)
Scrolls
 c - 8 scrolls of fog
 j - 4 scrolls of blinking
 p - 4 scrolls of amnesia
 q - 5 scrolls of identify
 r - a scroll of fear
Potions
 e - 10 potions of curing
 f - 8 potions of heal wounds
 g - 6 potions of haste
 h - 7 potions of magic
 i - 3 potions of berserk rage
 k - 2 potions of brilliance
 l - 2 potions of invisibility
 m - 4 potions of resistance
 o - 4 potions of might
Miscellaneous
 n - a lightning rod (4/4)
 R - a phantom mirror
 W - a phial of floods


   Skills:
 - Level 14.0 Fighting
 - Level 1.7(3.0) Short Blades
 - Level 3.7(4.0) Long Blades
 - Level 10.0 Armour
 - Level 7.0 Dodging
 - Level 4.0 Shields
 - Level 2.0 Spellcasting
 - Level 2.0 Hexes
 + Level 7.3 Invocations
 - Level 10.0 Evocations


You had 11 spell levels left.
You knew the following spells:

 Your Spells              Type           Power      Damage    Failure   Level
a - Slow                  Hex            32%        N/A       100%        1

Your spell library contained the following spells:

 Spells                   Type           Power      Damage    Failure   Level
 Portal Projectile        Hex/Tloc       10%        N/A       100%        3
 Summon Guardian Golem    Hex/Summ       5%         N/A       100%        3
 Hailstorm                Conj/Ice       1%         3d3       100%        4
 Olgreb's Toxic Radiance  Pois           1%         N/A       100%        4
 Summon Lightning Spire   Summ/Air       1%         N/A       100%        4
 Ozocubu's Refrigeration  Ice            0%         4d7       100%        7
 Discord                  Hex            4%         N/A       100%        8
 Ignition                 Fire           0%         3d3       100%        8


Dungeon Overview and Level Annotations

Branches:
Dungeon (1/1)

Altars:
Ashenzari
Cheibriados
Dithmenos
Fedhas
Gozag
Hepliaklqana
Kikubaaqudgha
Makhleb
Nemelex Xobeh
Okawaru
Qazlal
Ru
Sif Muna
Trog
Uskayaw
Vehumet
Wu Jian
Xom
Yredelemnul
Jiyva
Lugonu


Innate Abilities, Weirdness & Mutations

You are partially covered in sharp spines.
A meltable shield of frost defends you. (SH +4)
You have a tail ending in a sharp stinger.


Message History

The ironbound convoker casts a spell at the yaktaur captain.
The yaktaur captain seems to grow stronger.
The yaktaur captain is no longer moving slowly.
The yaktaur captain shoots a bolt.
You block the bolt.
You draw a card...
You have drawn Vitriol.
Press: ? - help, Shift-Dir - straight line, f - vault guard
Aim: a vault guard, wielding a +0 bardiche and wearing a +0 chain mail (severely wounded)
The glob of acid misses the vault guard.
You block the vault guard's attack.
Electricity crackles from the ironbound thunderhulk's apparatus.
The bolt of lightning hits you!!!
You draw a card...
You have drawn Vitriol.
Press: ? - help, Shift-Dir - straight line, f/p - vault guard
Aim: a vault guard, wielding a +0 bardiche and wearing a +0 chain mail (severely wounded)
The bolt of acid hits the vault guard!!
The acid corrodes the vault guard!
The vault guard is almost dead.
The ironbound convoker is no longer moving slowly.
The vault guard hits you from afar with a +0 bardiche.
The yaktaur captain shoots a bolt.
You block the bolt.
Electricity crackles from the ironbound thunderhulk's apparatus.
The bolt of lightning hits you!!!
* * * LOW HITPOINT WARNING * * *
Okay, then.
Press: ? - help, v - describe, . - travel
Here: a vault guard, wielding a +0 bardiche and wearing a +0 chain mail (almost dead, covered in acid)
The floor.
Okay, then.
Okay, then.
Unknown command.
You feel much better. You block the vault guard's attack.
The yaktaur captain shoots a bolt.
The bolt hits you!!
* * * LOW HITPOINT WARNING * * *
The ironbound convoker casts a spell at the vault guard.
The vault guard seems to grow stronger.
Electricity crackles from the ironbound thunderhulk's apparatus.
The bolt of lightning hits you!!
You die...
Your body glows with a rainbow of weird colours and disappears.

▓..")}).▓
▓..)[[).▓
▓.......▓
▓.pO....▓
▓...p...▓
.c.pp..
▓.▓.#.▓.▓
▓..#@#..▓
▓▓▓▓▓▓▓▓▓


You could see an ironbound thunderhulk (strong), a yaktaur captain (strong), a
vault guard (strong, corroded) and an ironbound convoker.

Vanquished Creatures
  A vault guard (D)
  An ironbound convoker (D)
  4 draconians (D)
  A polar bear (D)
  An ice beast (D)
  A wolf (D)
  A bullfrog (D)
  4 necrophages (D)
  A wight (D)
  An adder (D)
  An adder simulacrum (D)
  A bat skeleton (D)
  A jackal (D)
  A ball python (D)
  A giant cockroach zombie (D)
21 creatures vanquished.

Vanquished Creatures (collateral kills)
  A polar bear (D)
  A wight (D)
  2 river rats (D)
  A quokka skeleton (D)
5 creatures vanquished.

Vanquished Creatures (others)
  A polar bear zombie (D)
  A wolf zombie (D)
  An adder zombie (D)
  A ball python zombie (D)
  A jackal zombie (D)
5 creatures vanquished.

Grand Total: 31 creatures vanquished

Notes
Turn   | Place    | Note
-------+----------+-------------------------------------------
     0 | D        | enile the Demonspawn Wanderer began the quest for the Orb.
     0 | D        | enile set off with the following items: a +2 short sword, a
                  | +0 pair of boots, a scroll of fog, a +0 robe, a potion of
                  | curing, a potion of heal wounds, a potion of haste, 2
                  | potions of magic, a potion of berserk rage, a scroll of
                  | blinking; and the following spell memorised: Slow; and the
                  | following spells available to memorise: Portal Projectile.
     0 | D        | Reached XP level 1. HP: 16/16 MP: 3/3
     0 | D        | Found a shimmering blue altar of Sif Muna.
     0 | D        | Found a sacrificial altar of Ru.
     0 | D        | Found a bloodstained altar of Trog.
     0 | D        | Found a stormy altar of Qazlal.
     0 | D        | Found an iron altar of Okawaru.
     0 | D        | Found a sparkling altar of Nemelex Xobeh.
     0 | D        | Found a blossoming altar of Fedhas.
     0 | D        | Found the +6 Majin-Bo {vamp, MP+6 Int+6}
     0 | D        | Found the +9 heavy crossbow "Sniper" {vorpal, Acc+∞ SInv}
     0 | D        | Found the +10 dark maul {vorpal}
     0 | D        | Found the +15 Maxwell's patent armour {-Cast -Tele rElec
                  | Will+ rCorr}
     0 | D        | Found the +18 shield of the Gong {rElec rN+ Will+ EV-5}
     0 | D        | Found the +14 obsidian axe {vorpal, Mesm Drain Fly SInv}
     0 | D        | Found the +7 great mace "Firestarter" {inner flame, rF++}
     0 | D        | Found the +6 shillelagh "Devastator" {shatter}
     0 | D        | Found the +11 plutonium sword {Contam Stlth-}
     0 | D        | Found the +8 lance "Wyrmbane" {slay drac, rPois rF+ rC+
                  | AC+3}
     0 | D        | Found the +9 sword of Zonguldrok {reap}
     0 | D        | Found the +13 scythe of Curses {drain, Drain}
     0 | D        | Found the +5 sword of Power {vorpal}
     0 | D        | Found the +7 mace of Variability {chain chaos}
     0 | D        | Found the +7 Singing Sword {vorpal, sonic wave}
     0 | D        | Found the +8 storm bow {elec, penet}
     2 | D        | Found a transporter.
     2 | D        | Found an ancient bone altar of Kikubaaqudgha.
     2 | D        | Found a viscous altar of Jiyva.
     2 | D        | Found a corrupted altar of Lugonu.
     2 | D        | Found a hazy altar of Hepliaklqana.
     2 | D        | Found a burning altar of Makhleb.
     2 | D        | Found an opulent altar of Gozag.
    26 | D        | Reached skill level 5 in Fighting
    26 | D        | Reached skill level 5 in Evocations
    26 | D        | Gained mutation: You are partially covered in sharp spines.
                  | [demonic ancestry]
    26 | D        | Reached XP level 2. HP: 27/27 MP: 5/5
   148 | D        | Became a worshipper of Nemelex Xobeh the Trickster
   172 | D        | Entered arena 2.
   172 | D        | Found a transporter.
   175 | D        | Reached skill level 6 in Fighting
   182 | D        | Entered arena 3.
   182 | D        | Noticed a necrophage
   182 | D        | Noticed a necrophage
   182 | D        | Reached * piety under Nemelex Xobeh
   182 | D        | Found a transporter.
   188 | D        | Killed a necrophage
   189 | D        | Reached skill level 8 in Fighting
   189 | D        | Gained mutation: A meltable shield of frost defends you.
                  | (SH +4) [demonic ancestry]
   189 | D        | Reached XP level 3. HP: 26/38 MP: 6/6
   189 | D        | Gained mutation: You have a small tail. [demonic ancestry]
   189 | D        | Reached XP level 4. HP: 31/45 MP: 7/7
   190 | D        | Killed a necrophage
   191 | D        | Reached skill level 10 in Fighting
   191 | D        | Reached skill level 1 in Armour
   191 | D        | Gained mutation: You have a tail ending in a sharp stinger.
                  | [demonic ancestry]
   191 | D        | Reached XP level 5. HP: 37/53 MP: 8/8
   288 | D        | Got Kustehergh's Anthology of Charms
   292 | D        | Entered arena 4.
   292 | D        | Noticed a draconian
   292 | D        | Noticed a draconian
   292 | D        | Noticed a draconian
   292 | D        | Noticed a draconian
   292 | D        | Received a gift from Nemelex Xobeh
   292 | D        | Found a transporter.
   300 | D        | Killed a draconian
   301 | D        | Reached skill level 5 in Armour
   301 | D        | Reached XP level 6. HP: 30/60 MP: 8/10
   301 | D        | Reached XP level 7. HP: 33/66 MP: 8/11
   306 | D        | Killed a draconian
   307 | D        | Reached skill level 10 in Evocations
   307 | D        | Reached skill level 11 in Fighting
   312 | D        | Killed a draconian
   313 | D        | Reached XP level 8. HP: 13/75 MP: 10/12
   321 | D        | Killed a draconian
   535 | D        | Got Sif Muna's Directory of Attacks and Creation
   544 | D        | Entered arena 5.
   544 | D        | Noticed a polar bear
   544 | D        | Noticed a polar bear
   544 | D        | Reached ** piety under Nemelex Xobeh
   544 | D        | Found a transporter.
   552 | D        | Killed a polar bear
   555 | D        | Killed a polar bear
   556 | D        | Reached XP level 9. HP: 63/81 MP: 13/13
   562 | D        | Got the +2 robe "Pouluu" {rC+ Str+8}
   564 | D        | Got the amulet "Amoukku" {RegenMP Rampage Str-4 Int+5}
   569 | D        | Entered arena 6.
   569 | D        | Received a gift from Nemelex Xobeh
   569 | D        | Found a transporter.
   572 | D        | Reached skill level 10 in Armour
   572 | D        | Reached skill level 1 in Shields
   661 | D        | Entered arena 7.
   661 | D        | Reached *** piety under Nemelex Xobeh
   661 | D        | Received a gift from Nemelex Xobeh
   662 | D        | Found a transporter.
   739 | D        | Got the +2 ring mail of the Mind {Str+7}
   741 | D        | Got the +8 plate armour of Darkness {Harm rF+++ Int-3 SInv}
   763 | D        | Entered arena 8.
   763 | D        | Noticed a yaktaur captain
   763 | D        | Noticed a vault guard
   763 | D        | Noticed an ironbound convoker
   763 | D        | Noticed an ironbound convoker
   763 | D        | Noticed an ironbound thunderhulk
   763 | D        | Noticed a vault guard
   763 | D        | Received a gift from Nemelex Xobeh
   771 | D        | Killed a vault guard
   771 | D        | Killed an ironbound convoker
   772 | D        | Reached skill level 14 in Fighting
   776 | D        | Killed from afar by an ironbound thunderhulk

Illustrated notes

Levels and vault maps discovered:
D:        sprint_v [room_start, room_1, room_2, room_3, room_4, room_5, room_6,
          room_7, room_8, room_9, room_10, room_11, room_12, room_13, room_14,
          room_15, room_16, room_17, room_18, room_19, room_20, room_21,
          room_22, room_23, room_24, room_25, room_26, room_27]

Skill      XL: |  1  2  3  4  5  6  7  8  9 |
---------------+----------------------------+-----
Fighting       | 5 8 10 11 14 | 14.0
Evocations     | 5 9 10 | 10.0
Armour         | 1 5 9 10 | 10.0
Invocations    | 6 7 |  7.3
Long Blades    | 3 |  3.7
Dodging        | 6 7 |  7.0
Shields        | 4 |  4.0
Short Blades   | |  1.7
Spellcasting   | |  2.0
Hexes          | |  2.0

Action                   |  1- 3 |  4- 6 |  7- 9 || total
-------------------------+-------+-------+-------++-------
Melee: Double sword      |     8 |     2 |    37 ||    47
       Tailslap          |       |       |     4 ||     4
Invok: Draw Destruction  |       |     4 |     4 ||     8
       Draw Escape       |       |     1 |     4 ||     5
       Draw Summoning    |       |     1 |     2 ||     3
  Use: Potion            |     1 |       |     3 ||     4
       Scroll            |       |       |     1 ||     1
 Stab: Distracted        |       |     1 |       ||     1
Armor: Gold dragon scale |     8 |     3 |    48 ||    59
Dodge: Dodged            |       |     1 |     8 ||     9
Block: Tower shield      |    11 |    11 |    64 ||    86
